 Dungeon Crawl Stone Soup version 0.19.5 (webtiles) character file.

76 ImaNewbie the Gusty (level 4, 0/24 HPs)
             Began as a Tengu Air Elementalist on May 4, 2017.
             Succumbed to an adder's poison
             ... on level 2 of the Dungeon on May 6, 2017.
             The game lasted 00:06:39 (2002 turns).

ImaNewbie the Gusty (Tengu Air Elementalist)        Turns: 2002, Time: 00:06:40

Health: 0/24       AC:  3    Str:  9    XL:     4   Next: 32%
Magic:  1/8        EV: 12    Int: 16    God:
Gold:   44         SH:  0    Dex: 14    Spells: 3 memorised, 1 level left

rFire  . . .     SeeInvis .     h - +0 spear
rCold  . . .     Gourm    .     a - +0 robe
rNeg   . . .     Faith    .     (no shield)
rPois  .         Spirit   .     (helmet restricted)
rElec  .         Reflect  .     (no cloak)
rCorr  .         Harm     .     j - +0 pair of gloves
MR     .....                    (boots unavailable)
Stlth  ++........               (no amulet)
                                (no ring)
                                (no ring)

@: lethally poisoned (0 -> -8), very slightly contaminated
A: beak, talons 3
a: no special abilities


You were on level 2 of the Dungeon.
You were very hungry.

You visited 1 branch of the dungeon, and saw 2 of its levels.

You collected 44 gold pieces.

Inventory:

Hand Weapons
 h - a +0 spear (weapon)
Armour
 a - a +0 robe (worn)
 j - a +0 pair of gloves (worn)
Scrolls
 d - a scroll of immolation {unknown}
 e - a scroll of enchant weapon {unknown}
 i - 2 scrolls of identify {unknown}
 n - 2 scrolls of remove curse {unknown}
 o - a scroll of amnesia {unknown}
Potions
 k - a potion of curing {unknown}
Books
 b - a book of Air

   Spells                             Type                      Level
   a - Shock                          Conjuration/Air              1
   b - Swiftness                      Charms/Air                   2
   c - Repel Missiles                 Charms/Air                   2
   d - Static Discharge               Conjuration/Air              3
   e - Lightning Bolt                 Conjuration/Air              5
Comestibles
 c - a bread ration
 f - 4 fruits
 g - a meat ration
 l - a slice of pizza


   Skills:
 - Level 2.1 Dodging
 - Level 2.0 Stealth
 - Level 2.0 Spellcasting
 + Level 3.1 Conjurations
 + Level 5.9 Air Magic


You had one spell level left.
You knew the following spells:

 Your Spells              Type           Power        Failure   Level  Hunger
a - Shock                 Conj/Air       ###.         3%          1    #......
b - Swiftness             Chrm/Air       ##......     12%         2    ###....
c - Static Discharge      Conj/Air       ###.....     12%         3    ###....


Dungeon Overview and Level Annotations

Branches:
Dungeon (2/15)

Altars:


Innate Abilities, Weirdness & Mutations

You have a beak for a mouth.
You have claws for feet.


Message History

You feel sick. The adder closely misses you.
The adder bites you but does no damage.
You closely miss the adder. You peck the adder, but do no damage.
The adder is severely wounded.
The adder misses you.
You miss the adder. You peck the adder, but do no damage.
The adder is severely wounded.
* * * LOW HITPOINT WARNING * * *
You feel sick. The adder bites you.
* * * LOW HITPOINT WARNING * * *
The adder barely misses you.
You barely miss the adder.
The adder is severely wounded.
* * * LOW HITPOINT WARNING * * *
You feel sick. The adder closely misses you.
Unknown command.
You hit the adder. You claw the adder.
You kill the adder!
Your Conjurations skill increases to level 3!
You die...

#.##.###.##.......#
#........#####@####
####.##### #.#
#........# #'#
#.##.###.# ... #.##.#
#.# ..... #....###.#
.......
###........#.........
.......)...'.....)...+
####.....###.........#
#.....# #.... #.....#
#... #.....# #..
#.....# .. ###.### #.#


There were no monsters in sight!

Vanquished Creatures
  Natasha (D:2)
  2 adders (D:2)
  A worm (D:2)
  3 leopard geckos
  2 bats
  A giant cockroach (D:1)
  A goblin (D:2)
  8 hobgoblins
  2 frilled lizards
  4 kobolds
  2 rats
27 creatures vanquished.

Notes
Turn   | Place    | Note
-------+----------+-------------------------------------------
     0 | D:1      | ImaNewbie the Tengu Air Elementalist began the quest for the Orb.
     0 | D:1      | Reached XP level 1. HP: 10/10 MP: 4/4
   178 | D:1      | Reached XP level 2. HP: 12/15 MP: 0/6
   465 | D:1      | Reached skill level 5 in Air Magic
  1413 | D:2      | Learned a level 2 spell: Swiftness
  1437 | D:2      | Reached XP level 3. HP: 17/19 MP: 7/7
  1467 | D:2      | Noticed Natasha
  1473 | D:2      | Killed Natasha
  1760 | D:2      | Learned a level 3 spell: Static Discharge
  1971 | D:2      | Reached XP level 4. HP: 24/24 MP: 6/8
  2001 | D:2      | HP: 1/24 [poisoned by an adder]
  2002 | D:2      | Succumbed to an adder's poison

Skill      XL: |  1  2  3  4 |
---------------+-------------+-----
Air Magic      | 5 |  5.9
Conjurations   | 2 3 |  3.1
Dodging        | |  2.1
Stealth        | |  2.0
Spellcasting   | |  2.0

Action                   |  1- 3 |  4- 6 || total
-------------------------+-------+-------++-------
Melee: Unarmed           |     3 |       ||     3
       Peck              |     6 |     2 ||     8
       Kick              |     7 |     1 ||     8
       Spear             |    35 |     7 ||    42
 Cast: Shock             |    43 |     8 ||    51
 Stab: Sleeping          |     3 |       ||     3
  Eat: Chunk             |     3 |       ||     3
Armor: Robe              |     9 |     1 ||    10
Dodge: Dodged            |    18 |     6 ||    24
